 Dungeon Crawl Stone Soup version 0.28-a0-476-g0f06bd746f (webtiles) character file.

Game seed: 4520247078875073689

2055 frimble the Tainter (level 9, -5/61 HPs)
             Began as an Octopode Venom Mage on Sept 17, 2021.
             Was a Follower of Cheibriados.
             Slain by a steam dragon (9 damage)
             ... on level 7 of the Dungeon.
             The game lasted 00:09:57 (8955 turns).

frimble the Tainter (Octopode Venom Mage)           Turns: 8955, Time: 00:09:57

Health: -5/61      AC:  1    Str: 10    XL:     9   Next: 25%
Magic:  12/12      EV: 13    Int: 22    God:    Cheibriados [*.....]
Gold:   310        SH:  5    Dex: 14    Spells: 5/12 levels left

rFire   . . .      SeeInvis .   b - +4 rapier (venom)
rCold   . . .      Faith    .   (no shield)
rNeg    . . .      Spirit   .   (helmet restricted)
rPois   .          Reflect  +   i - amulet of reflection
rElec   .          Harm     .   r - ring of wizardry
rCorr   .          Rampage  .   (no ring)
Will    .....                   (no ring)
Stlth   ++++......              (no ring)
HPRegen 0.20/turn               (no ring)
MPRegen 0.13/turn               (no ring)
                                (no ring)
                                (no ring)

@: flying, very slow
A: almost no armour, amphibious, 8 rings, camouflage 1, gelatinous body 1,
(nimble swimmer 1), tentacles
a: Renounce Religion, Bend Time


You were on level 7 of the Dungeon.
You worshipped Cheibriados.
Cheibriados was aware of your devotion.
You visited 2 branches of the dungeon, and saw 8 of its levels.

You collected 433 gold pieces.
You spent 123 gold pieces at shops.

Inventory:

Hand Weapons
 b - a +4 rapier of venom (weapon)
 f - a +2 dagger of draining
Missiles
 g - a throwing net
Jewellery
 e - an amulet of magic regeneration
 i - an amulet of reflection (around mantle)
 r - a ring of wizardry (left tentacle)
 t - a ring of ice
Wands
 p - a wand of mindburst (11)
 u - a wand of polymorph (7)
 x - a wand of iceblast (7)
Scrolls
 j - 5 scrolls of teleportation
 l - a scroll of identify
 n - a scroll of immolation
 o - a scroll of fog
 s - a scroll of enchant armour
 v - a scroll of noise {unknown}
Potions
 a - 3 potions of might
 c - a potion of degeneration {unknown}
 d - a potion of curing
 h - 2 potions of heal wounds {unknown}
 k - 2 potions of attraction {unknown}
 m - 4 potions of flight
 q - 2 potions of mutation {unknown}
 w - a potion of invisibility {unknown}


   Skills:
 + Level 5.4 Fighting
 + Level 6.0 Short Blades
 + Level 2.3 Dodging
 - Level 6.3 Stealth
 - Level 2.0 Spellcasting
 - Level 1.0 Transmutations
 + Level 8.7 Poison Magic
 - Level 3.0 Evocations


You had 5 spell levels left.
You knew the following spells:

 Your Spells              Type           Power      Damage    Failure   Level
a - Sting                 Tmut/Pois      92%        1d7       1%          1
b - Olgreb's Toxic Radia  Pois           40%        N/A       1%          4
c - Passwall              Tmut/Erth      3%         N/A       7%          2

Your spell library contained the following spells:

 Spells                   Type           Power      Damage    Failure   Level
 Poisonous Vapours        Pois/Air       42%        N/A       1%          2
 Mephitic Cloud           Conj/Pois/Air  14%        N/A       5%          3
 Pain                     Necr           8%         1d4       6%          1
 Summon Small Mammal      Summ           8%         N/A       6%          1
 Corpse Rot               Necr/Air       N/A        N/A       9%          2
 Call Canine Familiar     Summ           2%         N/A       16%         3
 Summon Guardian Golem    Hex/Summ       2%         N/A       16%         3
 Swiftness                Air            2%         N/A       16%         3
 Agony                    Necr           2%         N/A       80%         5
 Excruciating Wounds      Necr           1%         N/A       80%         5
 Dispersal                Tloc           1%         N/A       100%        6
 Invisibility             Hex            1%         N/A       100%        6
 Disjunction              Tloc           1%         N/A       100%        8


Dungeon Overview and Level Annotations

Branches:
Dungeon (7/15)             Temple (1/1) D:5

Altars:
Ashenzari
Cheibriados
Dithmenos
Elyvilon
Fedhas
Gozag
Hepliaklqana
Kikubaaqudgha
Makhleb
Nemelex Xobeh
Okawaru
Ru
Sif Muna
Trog
Uskayaw
Vehumet
Wu Jian
Xom
Yredelemnul
Zin
The Shining One

Shops:
D:3 *


Innate Abilities, Weirdness & Mutations

You cannot wear most types of armour.
You are amphibious.
You can wear up to eight rings at the same time.
Your skin changes colour to match your surroundings (Stealth+).
Your rubbery body absorbs attacks. (AC +1, EV +1)
((You are camouflaged near water. (Stealth+)))
You have tentacles for arms and can constrict up to eight enemies at once.


Message History

The bullfrog croaks.
An orc comes into view. It is wielding a +0 hand axe.
The steam dragon barely misses you. You block the steam dragon's attack.
You closely miss the bullfrog. You grab the bullfrog.
You constrict the bullfrog. The bullfrog hits you. The bullfrog hits you!
You hit the steam dragon.
The steam dragon is poisoned.
You squeeze the steam dragon.
The steam dragon is moderately wounded.
You constrict the bullfrog. The steam dragon breathes steam at you.
The ball of steam misses you. The bullfrog hits you.
You release your grip on the bullfrog.
You block the steam dragon's attack. The steam dragon claws you.
The bullfrog hits you. The steam dragon bites you! The steam dragon claws you.
Aiming: Mindburst
Press: ? - help, Shift-Dir - straight line, f - steam dragon
Aim: a steam dragon (steam, heavily wounded, very poisoned, chance to affect: 77%)
The steam dragon barely resists.
You are engulfed in a cloud of scalding steam.
The bullfrog hits you.
* * * LOW HITPOINT WARNING * * *
The steam dragon breathes steam at you. The ball of steam misses you.
The steam dragon bites you!
* * * LOW HITPOINT WARNING * * *
The steam dragon claws you.
* * * LOW HITPOINT WARNING * * *
The bullfrog is engulfed in a cloud of scalding steam.
The bullfrog hits you but does no damage.
Okay, then.
Unknown command.
Okay, then.
Unknown command.
Okay, then.
Unknown command.
It was a potion of flight.
You feel very buoyant.
You fly up into the air.
The bullfrog closely misses you. The steam dragon bites you!
You die...

#.## #..# ###........
##.## ##........... #..#
#............ ##.##
............ ##.#####
#...........
###..(..#####?..........
##...............F.......
#.......(..)....@Do......
...........######..§.....
............## #§§......
.............## ##§......
..............# #.....#
..............## ...###
#..............# #..#
###............# #..
##<#........### #..


You could see a steam dragon (very poisoned, catching breath), a bullfrog and an
orc.

Vanquished Creatures
  Sigmund (D:4)
  An orc warrior (D:6)
  3 black bears
  A necrophage (D:6)
  An ogre (D:6)
  3 centaurs
  2 bullfrogs
  4 scorpions
  A wyvern skeleton (D:6)
  2 howler monkeys
  A bullfrog zombie (D:6)
  4 hounds
  Natasha (thrice) (D:3)
  3 iguanas
  2 orc wizards
  A hound zombie (D:5)
  Robin (D:2)
  9 gnolls
  7 adders
  An ufetubus (D:7)
  3 dart slugs
  8 orcs
  8 endoplasms
  3 giant cockroaches
  15 goblins
  10 hobgoblins
  3 jackals (D:4)
  4 kobolds
  8 quokkas
  11 ball pythons
  9 bats
  6 frilled lizards
  4 rats
  A butterfly (D:5)
144 creatures vanquished.

Vanquished Creatures (others)
  3 fungi (D:1)
  5 toadstools (D:1)
8 creatures vanquished.

Grand Total: 152 creatures vanquished

Notes
Turn   | Place    | Note
-------+----------+-------------------------------------------
     0 | D:1      | frimble the Octopode Venom Mage began the quest for the
                  | Orb.
     0 | D:1      | Reached XP level 1. HP: 11/11 MP: 3/3
   187 | D:1      | Reached skill level 4 in Poison Magic
   211 | D:1      | Reached XP level 2. HP: 11/17 MP: 0/5
  1216 | D:1      | Found a faded altar of an unknown god.
  1260 | D:1      | Reached XP level 3. HP: 18/21 MP: 6/6
  1312 | D:1      | Reached skill level 5 in Poison Magic
  1718 | D:2      | Noticed Robin
  1806 | D:1      | Identified a scroll of acquirement
  1806 | D:1      | Acquired a +4 rapier of speed
  1816 | D:2      | Killed Robin
  1817 | D:2      | Reached XP level 4. HP: 14/27 MP: 7/7
  2139 | D:2      | Reached skill level 1 in Short Blades
  2400 | D:2      | Found a sparkling altar of Nemelex Xobeh.
  2487 | D:2      | Reached XP level 5. HP: 29/31 MP: 4/8
  3120 | D:3      | Noticed Natasha
  3129 | D:3      | Killed Natasha
  3428 | D:3      | Found Pusimn's Assorted Antiques.
  3433 | D:3      | Bought a scroll labelled FIGOCZOKLA for 21 gold pieces
  3433 | D:3      | Bought a scroll labelled DIDEREINTO for 21 gold pieces
  3433 | D:3      | Bought 3 scrolls labelled FIGOCZOKLA for 63 gold pieces
  3433 | D:3      | Bought an inky potion for 18 gold pieces
  3448 | D:3      | Noticed Natasha
  3620 | D:3      | Killed Natasha
  3621 | D:3      | Reached skill level 1 in Fighting
  3867 | D:3      | Noticed Natasha
  3873 | D:3      | Killed Natasha
  3874 | D:3      | Reached XP level 6. HP: 23/38 MP: 9/9
  4072 | D:3      | Learned a level 4 spell: Olgreb's Toxic Radiance
  4522 | D:4      | Noticed Sigmund
  4526 | D:4      | Reached skill level 5 in Stealth
  4839 | D:5      | Entered Level 5 of the Dungeon
  4884 | D:5      | Noticed a black bear
  4893 | D:4      | Killed a black bear
  4894 | D:4      | Reached skill level 6 in Poison Magic
  5134 | D:5      | Reached XP level 7. HP: 45/45 MP: 10/10
  5156 | D:5      | Learned a level 2 spell: Passwall
  5200 | D:5      | Found a staircase to the Ecumenical Temple.
  5743 | D:4      | Killed Sigmund
  5744 | D:4      | Reached skill level 7 in Poison Magic
  5744 | D:4      | Reached skill level 1 in Evocations
  5744 | D:4      | Reached XP level 8. HP: 18/52 MP: 7/11
  6724 | Temple   | Entered the Ecumenical Temple
  6817 | Temple   | Became a worshipper of Cheibriados the Contemplative
  7250 | D:6      | Reached skill level 5 in Short Blades
  7533 | D:6      | Reached skill level 8 in Poison Magic
  7779 | D:6      | Found an opulent altar of Gozag.
  8113 | D:6      | Reached * piety under Cheibriados
  8117 | D:6      | Reached skill level 5 in Fighting
  8117 | D:6      | Reached XP level 9. HP: 15/61 MP: 7/12
  8955 | D:7      | Slain by a steam dragon

Illustrated notes

Levels and vault maps discovered:
D:1:      tarquinn_simple_flora_water_a, layout_rooms,
          shapermc_ecumenical_altar_acropolis,
          hangedman_abyss_or_decor_lesser_grid, grunt_decor_clamped,
          minmay_gold_behind_fungi
D:2:      layout_basic, basic_altar, uniq_robin
D:3:      layout_loops_ring, serial_shops, shop_statue, item_on_display_a,
          uniq_natasha
D:4:      layout_basic, uniq_sigmund
D:5:      layout_cave_pools, minmay_temple_entry_tees, hangedman_glass_garden,
          corner_web_ring
D:6:      layout_basic, nicolae_gozag_cash_rules_everything_around_me,
          grunt_potential
D:7:      layout_cave_pods, minivault_19, minmay_misc_feat_nine_boxes
Temple:   regret_index_temple_sigil_plot

Skill      XL: |  1  2  3  4  5  6  7  8  9 |
---------------+----------------------------+-----
Poison Magic   | 4 5 6 7 8 |  8.7
Short Blades   | 1 2 3 4 5 6 |  6.0
Stealth        | 3 4 5 6 |  6.3
Fighting       | 1 2 3 5 |  5.4
Evocations     | 1 3 |  3.0
Dodging        | |  2.3
Spellcasting   | |  2.0
Transmutations | |  1.0

Action                   |  1- 3 |  4- 6 |  7- 9 || total
-------------------------+-------+-------+-------++-------
Melee: Unarmed           |    60 |       |       ||    60
       Constrict         |    22 |    29 |    20 ||    71
       Tentacles         |    15 |    16 |    16 ||    47
       Rapier            |     5 |   116 |    99 ||   220
 Cast: Sting             |    25 |    26 |     7 ||    58
       Olgreb's Toxic Ra |       |     1 |    12 ||    13
Evoke: Wand              |       |     2 |     9 ||    11
  Use: Scroll            |     3 |     2 |     3 ||     8
       Potion            |       |     1 |     4 ||     5
 Stab: Sleeping          |     8 |     9 |     7 ||    24
       Distracted        |       |     1 |     2 ||     3
Armor: Skin              |     8 |     7 |     4 ||    19
Dodge: Dodged            |    56 |    60 |    55 ||   171
Block: Other             |       |       |    12 ||    12
       Reflection        |       |       |     5 ||     5

Table legend: (Time is in decaauts)
 A = Elapsed time spent in this place.
 B = Non-inter-level travel time spent in this place.
 C = Inter-level travel time spent in this place.
 D = Time resting spent in this place.
 E = Time spent auto-exploring this place.
 F = Levels seen in this place.
 G = Mean time per level.
                   A        B        C        D        E       F      G
               +--------+--------+--------+--------+--------+-----+--------+
         Total |   9150 |   8800 |    350 |     46 |   7525 |   8 | 1143.8 |
       Dungeon |   9024 |   8719 |    305 |     46 |   7462 |   7 | 1289.1 |
        Temple |    125 |     81 |     44 |      0 |     63 |   1 |  125.0 |
               +--------+--------+--------+--------+--------+-----+--------+

Top non-repeatable levels by time:
     D:1: 1785 daAuts
     D:4: 1747 daAuts
     D:6: 1398 daAuts
     D:5: 1314 daAuts
     D:2: 1281 daAuts
     D:3: 1017 daAuts
     D:7: 480 daAuts
  Temple: 125 daAuts
